 Dungeon Crawl Stone Soup version 0.32-a0-931-g5a2cda0630 (webtiles) character file.

Game seed: 17968857848733885904

18557 Biggs the Thaumaturge (level 12, -1/91 HPs)
             Began as a Djinni Conjurer on Apr 13, 2024.
             Was a Priest of Makhleb.
             Slain by a minotaur
             ... wielding a +0 quarterstaff of speed
              (11 damage)
             ... in a Gauntlet.
             The game lasted 00:46:38 (6759 turns).

Biggs the Thaumaturge (Djinni Conjurer)             Turns: 6759, Time: 00:46:39

Health: -1/91      AC:  8    Str:  6    XL:     12   Next: 96%
Gold:   275        EV: 14    Int: 24    God:    Makhleb [***...] SH:  5 Dex: 13

rFire   + + .        A - staff of death
rCold   x . .        (no shield)
rNeg    + + .        D - +0 troll leather armour
rPois   ∞            t - +0 helmet
rElec   .            L - +0 cloak {Will+}
rCorr   .            i - +2 pair of gloves
SInv    .            (boots unavailable)
Will    ++...        b - amulet of reflection
Stlth   ++           h - ring of positive energy
HPRegen 1.15/turn    (no ring)

%: no teleportation, reflection, infuse magic (-2 HP)
@: flying
A: sickness immunity, fire resistance 2, cold vulnerability 1, float, innate
caster, HP casting, extra vitality 1
a: Renounce Religion, Minor Destruction, Lesser Servant of Makhleb


You were in a Gauntlet.
You worshipped Makhleb.
Makhleb was most pleased with you.
You visited 3 branches of the dungeon, and saw 14 of its levels.
You also visited: Gauntlet.

You collected 550 gold pieces.
You spent 275 gold pieces at shops.

Inventory:

Missiles
 u - a throwing net
Armour
 i - a +2 pair of gloves (worn)
 t - a +0 helmet (worn)
 y - a +0 cloak
 D - a +0 troll leather armour (worn)
 L - a +0 cloak of willpower (worn)
Magical Staves
 A - a staff of death (weapon)
Jewellery
 a - a ring of wizardry
 b - an amulet of reflection (around neck)
 h - a ring of positive energy (left hand)
 r - a ring of positive energy
 K - the ring "Zezogog" {Fly Int+3}
   (You found it in a Gauntlet)

   [ring of flight]

   Int+3:     It affects your intelligence (+3).
   Fly:       It grants you flight.
Wands
 j - a wand of light (2)
 x - a wand of paralysis (7)
 F - a wand of flame (9)
Scrolls
 c - a scroll of fog
 f - 2 scrolls of immolation
 m - 2 scrolls of fear
 n - a scroll of revelation
 p - 4 scrolls of teleportation
 q - a scroll of blinking {unknown}
 s - a scroll of enchant weapon {unknown}
 w - 5 scrolls of poison {unknown}
 C - 2 scrolls of torment {unknown}
Potions
 d - 5 potions of magic {unknown}
 e - 4 potions of curing {unknown}
 g - a potion of experience {unknown}
 k - 4 potions of might {unknown}
 l - 2 potions of attraction {unknown}
 o - a potion of brilliance {unknown}
 v - a potion of invisibility {unknown}
 z - a potion of mutation
 B - 2 potions of heal wounds {unknown}
 E - a potion of resistance {unknown}
 G - a potion of ambrosia {unknown}
 H - a potion of degeneration {unknown}
 J - a potion of haste {unknown}
Miscellaneous
 I - a lightning rod (4/4)


   Skills:
 - Level 10.0 Fighting
 - Level 10.2 Dodging
 - Level 1.5 Stealth
 + Level 12.7 Spellcasting
 + Level 12.7 Conjurations
 + Level 12.7 Hexes
   Level 0.0 Charms
 + Level 12.7 Summonings
 + Level 12.7 Necromancy
 + Level 12.7 Translocations
   Level 0.0 Transmutations
 + Level 12.7 Fire Magic
 + Level 12.7 Ice Magic
 + Level 12.7 Air Magic
 + Level 12.7 Earth Magic
 + Level 12.7 Alchemy


You knew the following spells:

 Your Spells              Type           Power      Damage    Failure   Level
a - Magic Dart            Conj           100%       1d8       1%          1
b - Searing Ray           Conj           100%       2d8       1%          2
c - Fulminant Prism       Conj/Alch      33%        3d16      1%          4
d - Iskenderun's Mystic   Conj/Tloc      66%        2d14      (+2d71%     4
e - Sandblast             Erth           100%       2d20      1%          1
f - Momentum Strike       Conj/Tloc      100%       3d10      1%          2
g - Mercury Vapours       Alch/Air       100%       N/A       1%          2
h - Mephitic Cloud        Conj/Alch/Air  66%        N/A       1%          3
i - Dimensional Bullseye  Hex/Tloc       33%        N/A       1%          4
Your spell library was empty.

Dungeon Overview and Level Annotations

Branches:
Dungeon (11/15)            Temple (1/1) D:4            Lair (2/5) D:10
 Shoals (0/4) Lair:2      Gauntlet (1/1)
  Snake: Lair:2-3    Spider: Lair:2-3       Orc: D:9-12

Altars:
Ashenzari
Dithmenos
Elyvilon
Fedhas
Gozag
Hepliaklqana
Makhleb
Nemelex Xobeh
Okawaru
Qazlal
Ru
Trog
Uskayaw
Wu Jian
Xom
Yredelemnul
Zin
The Shining One

Shops:
D:8 *

Annotations:
D:8 2 transporters
Lair:1 Jeremiah Gauntlet 7 transporters


Innate Abilities, Weirdness & Mutations

You are immune to sickness and miasma.
You are immune to poison.
Your flesh is very heat resistant. (rF++)
You are vulnerable to cold. (rC-)
You float through the air rather than walking.
You learn spells naturally, not from books.
Your magical power is your life essence.
You have superior vitality. (+4 MHP)


Message History

The blast of energy engulfs the minotaur!
The minotaur is heavily wounded.
Unknown command.
Unknown command.
Casting: Iskenderun's Mystic Blast (safe; 1% risk of failure)
Confirm with . or Enter, or press ? or * to list all spells.
You erupt in a blast of force!
The mystic blast hits the minotaur but does no damage.
The minotaur is heavily wounded.
Unknown command.
Casting: Iskenderun's Mystic Blast (safe; 1% risk of failure)
Confirm with . or Enter, or press ? or * to list all spells.
Aiming: Fulminant Prism (safe; 1% risk of failure)
Press: ? - help, Dir - move target You conjure a prism of explosive energy!
A fulminant prism comes into view.
The minotaur hits you but does no damage.
The minotaur gores you.
Unknown command.
Casting: Fulminant Prism (safe; 1% risk of failure)
Confirm with . or Enter, or press ? or * to list all spells.
You erupt in a blast of force!
The mystic blast hits the minotaur but does no damage.
The minotaur is heavily wounded.
The minotaur hits you with a +0 quarterstaff of speed.
The minotaur gores you.
The minotaur hits you with a +0 quarterstaff of speed!!
The minotaur gores you.
Your fulminant prism crackles loudly.
Unknown command.
Unknown command.
Casting: Iskenderun's Mystic Blast (safe; 1% risk of failure)
Confirm with . or Enter, or press ? or * to list all spells.
You erupt in a blast of force!
The mystic blast hits the minotaur but does no damage.
The minotaur is heavily wounded.
The minotaur hits you with a +0 quarterstaff of speed!!
* * * LOW HITPOINT WARNING * * *
The minotaur gores you!
You die...

.?# .ß# #### .=# ###ß.# .ß#
#....# .*# #.#..# .ß#
#.#..##H##..#. #.....@.......
#.#.##.#.##.#. # #....# ..
###.#.#######.#. #...............
#.♣.♣.©.©.©.©.♣. #...............
## ### ################# *## ***
≈###≈###≈###...........###≈##*≈**


You could see a minotaur (ally target) and a friendly fulminant prism.

Vanquished Creatures
  A hydra (Lair:2)
  A two-headed ogre (D:9)
  Sonja (D:10)
  A glowing orange brain (Gauntlet)
  Pikel (D:6)
  An ugly thing (Gauntlet)
  An oklob plant (Lair:1)
  Maurice (D:7)
  6 elephants (Lair:1)
  Joseph (D:10)
  A gargoyle (D:9)
  5 cane toads
  2 komodo dragons
  Psyche (D:8)
  A troll (D:10)
  A hornet (D:9)
  Grinder (D:6)
  A raiju (Gauntlet)
  4 blink frogs (Lair:2)
  Sigmund (D:2)
  5 shadows
  2 wraiths
  A wyvern (Lair:1)
  15 yaks
  8 vampire mosquitoes (D:10)
  2 steam dragons
  An acid dragon (D:10)
  4 water moccasins
  4 orc warriors
  2 ice beasts
  A black bear (Lair:1)
  A sky beast (D:6)
  A centaur (D:9)
  A phantom (D:5)
  5 bullfrogs
  2 scorpions
  2 gnoll sergeants
  13 wights
  8 killer bees
  A howler monkey (D:11)
  A hound (D:6)
  3 orc priests
  3 iguanas (D:5)
  4 orc wizards
  7 gnolls
  5 adders
  A shadow imp (D:6)
  2 white imps
  2 ufetubi (D:7)
  A ribbon worm (D:2)
  5 dart slugs
  23 orcs
  5 ball pythons
  6 bats
  An endoplasm (D:4)
  A giant cockroach (D:2)
  2 goblins
  3 hobgoblins
  3 jackals (D:4)
  5 kobolds (D:3)
  3 quokkas
  2 frilled lizards (D:1)
  2 rats
202 creatures vanquished.

Vanquished Creatures (others)
  A butterfly (D:5)
  36 fulminant prisms
37 creatures vanquished.

Grand Total: 239 creatures vanquished

Notes
Turn   | Place    | Note
-------+----------+-------------------------------------------
     0 | D:1      | Biggs the Djinni Conjurer began the quest for the Orb.
     0 | D:1      | Biggs set off with the following spells memorised: Magic
                  | Dart, Searing Ray, Fulminant Prism, Iskenderun's Mystic
                  | Blast.
     0 | D:1      | Reached XP level 1. HP: 15/15 MP: 0/0
   139 | D:1      | Reached XP level 2. HP: 19/21 MP: 0/0
   380 | D:2      | Reached XP level 3. HP: 22/25 MP: 0/0
   380 | D:2      | Learned a level 1 spell: Sandblast
   380 | D:2      | Noticed Sigmund
   387 | D:2      | Killed Sigmund
   388 | D:2      | Reached skill level 5 in Spellcasting
   388 | D:2      | Reached skill level 5 in Conjurations
   388 | D:2      | Reached skill level 5 in Hexes
   388 | D:2      | Reached skill level 5 in Summonings
   388 | D:2      | Reached skill level 5 in Necromancy
   388 | D:2      | Reached skill level 5 in Translocations
   388 | D:2      | Reached skill level 5 in Fire Magic
   388 | D:2      | Reached skill level 5 in Ice Magic
   388 | D:2      | Reached skill level 5 in Air Magic
   388 | D:2      | Reached skill level 5 in Earth Magic
   388 | D:2      | Reached skill level 5 in Alchemy
   388 | D:2      | Reached XP level 4. HP: 18/31 MP: 0/0
   388 | D:2      | Reached XP level 5. HP: 20/35 MP: 0/0
   388 | D:2      | Learned a level 2 spell: Momentum Strike
   488 | D:2      | Reached XP level 6. HP: 36/40 MP: 0/0
   904 | D:3      | Found a hazy altar of Hepliaklqana.
   905 | D:3      | Found a shimmering altar of Xom.
   906 | D:3      | Noticed a spectral ugly thing
  1141 | D:4      | Reached XP level 7. HP: 37/45 MP: 0/0
  1141 | D:4      | Learned a level 2 spell: Mercury Vapours
  1273 | D:4      | Found a staircase to the Ecumenical Temple.
  1285 | Temple   | Entered the Ecumenical Temple
  1307 | Temple   | Became a worshipper of Makhleb the Destroyer
  1394 | D:5      | Entered Level 5 of the Dungeon
  1412 | D:5      | Noticed a water moccasin
  1416 | D:5      | Killed a water moccasin
  1504 | D:5      | Upgraded the game from 0.32-a0-928-g1cae6b7ea0 to
                  | 0.32-a0-931-g5a2cda0630
  1717 | D:5      | Reached XP level 8. HP: 24/50 MP: 0/0
  1722 | D:5      | Found a white marble altar of Elyvilon.
  2032 | D:6      | Reached skill level 1 in Fighting
  2241 | D:6      | Found a stormy altar of Qazlal.
  2306 | D:6      | Noticed Grinder
  2312 | D:6      | Killed Grinder
  2312 | D:6      | Reached * piety under Makhleb
  2313 | D:6      | Reached skill level 5 in Fighting
  2313 | D:6      | Reached XP level 9. HP: 32/65 MP: 0/0
  2313 | D:6      | Learned a level 3 spell: Mephitic Cloud
  2433 | D:6      | Noticed Pikel
  2441 | D:6      | Killed Pikel
  3283 | D:7      | Reached XP level 10. HP: 50/70 MP: 0/0
  3289 | D:7      | Found a blossoming altar of Fedhas.
  3310 | D:7      | Noticed Maurice
  3322 | D:7      | Paralysed by Maurice for 4 turns
  3332 | D:7      | Killed Maurice
  3333 | D:7      | Reached skill level 10 in Dodging
  3672 | D:8      | Noticed Psyche
  3677 | D:8      | Killed Psyche
  3735 | D:8      | Found a transporter.
  3740 | D:8      | Found a transporter.
  3761 | D:8      | Found Xiexuel's Assorted Antiques.
  3795 | D:8      | Bought a scroll labelled ROSTESTOB for 25 gold pieces
  3795 | D:8      | Bought a crude ring mail for 225 gold pieces
  3795 | D:8      | Identified the +3 ring mail of Courage {Harm Rampage Will+}
                  | (You bought it in a shop on level 8 of the Dungeon)
  3795 | D:8      | Bought a scroll labelled UDAPIDGH GOUSA for 25 gold pieces
  4114 | D:8      | Found a hide-covered altar of Uskayaw.
  4114 | D:8      | Found an ornate altar of the Wu Jian Council.
  4215 | D:9      | Noticed a gargoyle
  4222 | D:9      | Killed a gargoyle
  4343 | D:9      | Reached ** piety under Makhleb
  4373 | D:9      | Noticed a two-headed ogre
  4381 | D:9      | Killed a two-headed ogre
  4781 | D:9      | Reached XP level 11. HP: 72/84 MP: 0/0
  4781 | D:9      | Learned a level 4 spell: Dimensional Bullseye
  4907 | D:10     | Entered Level 10 of the Dungeon
  4924 | D:10     | Noticed Joseph
  5105 | D:10     | Reached skill level 10 in Fighting
  5131 | D:10     | Killed Joseph
  5307 | D:10     | Found a staircase to the Lair.
  5358 | D:10     | Noticed Sonja
  5367 | D:10     | Killed Sonja
  5969 | Lair:1   | Entered Level 1 of the Lair of Beasts
  6025 | Lair:1   | Noticed an oklob plant
  6049 | Lair:1   | Killed an oklob plant
  6066 | Lair:1   | Reached skill level 10 in Spellcasting
  6066 | Lair:1   | Reached skill level 10 in Conjurations
  6066 | Lair:1   | Reached skill level 10 in Hexes
  6066 | Lair:1   | Reached skill level 10 in Summonings
  6066 | Lair:1   | Reached skill level 10 in Necromancy
  6066 | Lair:1   | Reached skill level 10 in Translocations
  6066 | Lair:1   | Reached skill level 10 in Fire Magic
  6066 | Lair:1   | Reached skill level 10 in Ice Magic
  6066 | Lair:1   | Reached skill level 10 in Air Magic
  6066 | Lair:1   | Reached skill level 10 in Earth Magic
  6066 | Lair:1   | Reached skill level 10 in Alchemy
  6075 | Lair:1   | Reached XP level 12. HP: 78/91 MP: 0/0
  6125 | Lair:1   | Noticed Jeremiah
  6137 | Lair:1   | Reached *** piety under Makhleb
  6420 | Lair:2   | Noticed a seven-headed hydra
  6426 | Lair:2   | Killed a seven-headed hydra
  6508 | Lair:2   | Found a gate leading to a gauntlet.
  6517 | Gauntlet | Entered a Gauntlet
  6517 | Gauntlet | Found a transporter.
  6527 | Gauntlet | Found a transporter.
  6530 | Gauntlet | Found a transporter.
  6541 | Gauntlet | Found a transporter.
  6543 | Gauntlet | Found a transporter.
  6552 | Gauntlet | Found a transporter.
  6552 | Gauntlet | Noticed a ghost crab
  6565 | Gauntlet | Noticed a wretched star
  6568 | Gauntlet | Found a transporter.
  6577 | Gauntlet | Noticed a glowing orange brain
  6581 | Gauntlet | Found a transporter.
  6585 | Gauntlet | Noticed a hell hog
  6588 | Gauntlet | Found a transporter.
  6592 | Gauntlet | Found a transporter.
  6592 | Gauntlet | Found a transporter.
  6609 | Gauntlet | Found a runed translucent door.
  6617 | Gauntlet | Found a transporter.
  6621 | Gauntlet | Found a transporter.
  6632 | Gauntlet | Found a transporter.
  6634 | Gauntlet | Found a transporter.
  6703 | Gauntlet | Identified the +2 hat of the Orange Skies {-Tele rCorr
                  | Str-5 Dex+7}
  6716 | Gauntlet | Killed a glowing orange brain
  6722 | Gauntlet | Identified the ring "Zezogog" {Fly Int+3}
  6749 | Gauntlet | Noticed a minotaur
  6759 | Gauntlet | Slain by a minotaur

Illustrated notes

Levels and vault maps discovered:
D:1:      dpeg_arrival_tiny_a, layout_basic
D:2:      layout_basic, minmay_misc_feat_room, uniq_sigmund
D:3:      minmay_goblin_kobold_castle, layout_basic,
          regret_index_temple_of_mockery
D:4:      layout_loops_ring, minmay_temple_entry_stoned_glass,
          nicolae_letterblocks [nicolae_letter_subblock,
          nicolae_letter_subblock, nicolae_letter_subblock,
          nicolae_letter_subblock, nicolae_letter_subblock,
          nicolae_letter_subblock, nicolae_letter_subblock,
          nicolae_letter_subblock, nicolae_letter_subblock,
          nicolae_letter_subblock, nicolae_letter_subblock,
          nicolae_letter_subblock, nicolae_letter_subblock,
          nicolae_letter_subblock, nicolae_letter_subblock,
          nicolae_letter_subblock, nicolae_letter_subblock,
          nicolae_letter_subblock, nicolae_letter_subblock,
          nicolae_letter_subblock, nicolae_letter_subblock,
          nicolae_letter_subblock, nicolae_letter_subblock,
          nicolae_letter_subblock, nicolae_letter_subblock]
D:5:      layout_loops_ring, nicolae_elyvilon_peaceful_grove, minivault_11
D:6:      layout_loops_corners, amethyst_overflow_temple_binary, serial_glass,
          glass_columns_a, glass_columns_a, minmay_strange_pillars,
          feat_on_display, minmay_strange_pillars, minmay_strange_pillars,
          nicolae_benzene_ring, uniq_maggie, uniq_eustachio, uniq_grinder,
          uniq_pikel
D:7:      layout_basic, grunt_temple_overflow_growth_and_decay, uniq_maurice
D:8:      layout_loops_ring, gammafunk_temple_overflow_pools,
          gammafunk_ghost_abyssal_escape, serial_shops, shop, uniq_psyche
D:9:      layout_layer_cave, minmay_misc_feat_more_columns, kennysheep_donut
D:10:     layout_loops_ring, lair_entry_dummy, uniq_joseph, uniq_sonja
D:11:     layout_small_grid
Temple:   nicolae_temple_figure_eight
Lair:1:   layout_hall_layers, serial_bayou_shore_b, serial_bayou_shore_b,
          uniq_jeremiah
Lair:2:   regret_index_bee_streams, layout_big_grid, shoals_dummy_entry,
          gauntlet_entry_generic, hangedman_lair_generics_rect
Gauntlet: minmay_gauntlet_77_tree [minmay_gauntlet_arena_77_block_sizes,
          minmay_gauntlet_arena_77_path, minmay_gauntlet_arena_77_museum,
          minmay_gauntlet_arena_77_double_cross,
          minmay_gauntlet_arena_77_radiant_squares,
          minmay_gauntlet_arena_77_two_paths, minmay_gauntlet_arena_77_braids,
          nicolae_gauntlet_exit_dead_adventurers]

Skill      XL: |  1  2  3  4  5  6  7  8  9 10 11 12 |
---------------+-------------------------------------+-----
Spellcasting   | 4 5 6 7 8 10 12 | 12.7
Conjurations   | 4 5 6 7 8 10 12 | 12.7
Hexes          | 4 5 6 7 8 10 12 | 12.7
Summonings     | 4 5 6 7 8 10 12 | 12.7
Necromancy     | 4 5 6 7 8 10 12 | 12.7
Translocations | 4 5 6 7 8 10 12 | 12.7
Fire Magic     | 4 5 6 7 8 10 12 | 12.7
Ice Magic      | 4 5 6 7 8 10 12 | 12.7
Air Magic      | 4 5 6 7 8 10 12 | 12.7
Earth Magic    | 4 5 6 7 8 10 12 | 12.7
Alchemy        | 4 5 6 7 8 10 12 | 12.7
Fighting       | 5 9 10 | 10.0
Dodging        | 3 8 10 | 10.2
Stealth        | |  1.5

Action                     |  1- 3 |  4- 6 |  7- 9 | 10-12 || total
---------------------------+-------+-------+-------+-------++-------
  Melee: Unarmed           |       |       |     4 |       ||     4
         Staff             |       |       |       |     1 ||     1
   Cast: Magic Dart        |    21 |     6 |     7 |     3 ||    37
         Searing Ray       |     5 |    14 |    39 |    25 ||    83
         Iskenderun's Myst |       |       |    18 |   168 ||   186
         Fulminant Prism   |       |       |     3 |    34 ||    37
    Use: Scroll            |       |       |       |    10 ||    10
 Armour: Robe              |     4 |     7 |    14 |       ||    25
         Steam dragon scal |       |       |    19 |    15 ||    34
         Troll leather arm |       |       |       |    33 ||    33
  Dodge: Dodged            |     9 |     7 |    18 |    45 ||    79
  Block: Other             |     1 |     2 |     7 |    11 ||    21
         Reflection        |       |       |     1 |     1 ||     2

Table legend: (Time is in decaauts)
 A = Elapsed time spent in this place.
 B = Non-inter-level travel time spent in this place.
 C = Inter-level travel time spent in this place.
 D = Time resting spent in this place.
 E = Time spent auto-exploring this place.
 F = Levels seen in this place.
 G = Mean time per level.
                   A        B        C        D        E       F      G
               +--------+--------+--------+--------+--------+-----+--------+
         Total |   6764 |   6585 |    179 |   1981 |      0 |  15 |  450.9 |
       Dungeon |   5931 |   5792 |    139 |   1981 |      0 |  11 |  539.2 |
        Temple |     42 |      2 |     40 |      0 |      0 |   1 |   42.0 |
          Lair |    547 |    547 |      0 |      0 |      0 |   2 |  273.5 |
      Gauntlet |    241 |    241 |      0 |      0 |      0 |   1 |  241.0 |
               +--------+--------+--------+--------+--------+-----+--------+

Top non-repeatable levels by time:
     D:6: 979 daAuts
    D:10: 867 daAuts
     D:9: 828 daAuts
     D:7: 788 daAuts
     D:8: 556 daAuts
     D:5: 498 daAuts
  Lair:1: 474 daAuts
     D:3: 390 daAuts
     D:1: 332 daAuts
     D:4: 323 daAuts
     D:2: 304 daAuts
Gauntlet: 241 daAuts
  Lair:2: 73 daAuts
    D:11: 62 daAuts
  Temple: 42 daAuts
